 Dungeon Crawl Stone Soup version bcrawl-1.19.1 (webtiles) character file.

Game seed: 7829512749924251686

98 Morbidden the Skirmisher (level 4, 17/35 HPs)
             Began as a Demonspawn Fighter on Nov 27, 2019.
             Quit the game on level 2 of the Dungeon.
             The game lasted 00:01:40 (1201 turns).

Morbidden the Skirmisher (Demonspawn Fighter)       Turns: 1201, Time: 00:01:41

Health: 17/35      AC:  6    Str: 22    XL:     4   Next: 44%
Magic:  4/4        EV:  7    Int: 10    God:
Gold:   104        SH: 14    Dex: 12    Spells: 3/3 levels left

rFire    . . .     SeeInvis .   a - +0 war axe
rCold    . . .     Gourm    .   c - +0 shield
rNeg     . . .     Faith    .   b - +0 scale mail
rPois    .         Spirit   .   (helmet restricted)
rElec    .         Reflect  +   (no cloak)
rCorr    .         Harm     .   (no gloves)
MR       .....                  (no boots)
Stlth    ..........             d - +5 amulet of reflection
HPRegen  0.11/turn              (no ring)
MPRegen  0.09/turn              (no ring)

@: mighty
A: antennae 1, hooves 1
a: no special abilities


You were on level 2 of the Dungeon.
You were not hungry.

You visited 1 branch of the dungeon, and saw 2 of its levels.

You collected 104 gold pieces.

Inventory:

Hand Weapons
 a - a +0 war axe (weapon)
Armour
 b - a +0 scale mail (worn)
 c - a +0 shield (worn)
Jewellery
 d - a +5 amulet of reflection (around neck)
Scrolls
 e - a scroll of noise {unknown}
 i - a scroll of immolation {unknown}
 j - a scroll of teleportation {unknown}
 k - 4 scrolls of remove curse {unknown}
 l - a scroll of identify {unknown}
Potions
 g - a potion of brilliance {unknown}
Comestibles
 f - 2 rations {!d}
 h - 6 chunks of flesh


   Skills:
 * Level 3.5 Fighting
 * Level 3.2 Axes
 + Level 3.1 Armour
 + Level 0.2 Dodging
 + Level 3.1 Shields


You had 3 spell levels left.
You didn't know any spells.
Your spell library was empty.

Dungeon Overview and Level Annotations

Branches:
Dungeon (2/12)

Altars:


Innate Abilities, Weirdness & Mutations

You have a pair of small antennae on your head.
You have large cloven feet.


Message History

Jessica barely misses you.
You closely miss Jessica. You kick Jessica.
You kill Jessica!
Your Axes skill increases to level 3!
You have reached level 4!
You feel clever.
Your demonic ancestry asserts itself...
A pair of antennae grows on your head!
You slash Terence! You block Terence's attack.
You slash Terence!
You kill Terence!
Things that are here:
a +0 flail; a +0 scale mail You see here a shortbow.
d - a large steel amulet Wear which item? (? for menu, Esc to quit)
Okay, then.
Put on which piece of jewellery? (? for menu, Esc to quit)
d - a +5 amulet of reflection (around neck) Unknown command.
Are you sure you want to abandon this character and quit the game? (Confirm with "yes".)

######## ######
.......# ..... ##
###.### .... #
#.....# ...
#.#.#.####.#
####.#.#...##.#
.......[)....>####
####.##)#........#
#.##.#.......@#
#.##.#........#
#.##.)..##.#.....
#.###...##.#.####
#.......##.#..
####...##.#..#
##.. #.#..# #..#


There were no monsters in sight!

Vanquished Creatures
  Jessica (D:2)
  Terence (D:2)
  An ooze (D:1)
  A worm (D:2)
  5 leopard geckos (D:1)
  2 ball pythons (D:1)
  2 giant cockroaches (D:1)
  A goblin (D:1)
  3 hobgoblins
  7 jackals
  4 kobolds
  5 rats
33 creatures vanquished.

Notes
Turn   | Place    | Note
-------+----------+-------------------------------------------
     0 | D:1      | Morbidden the Demonspawn Fighter began the quest for the
                  | Orb.
     0 | D:1      | Reached XP level 1. HP: 18/18 MP: 1/1
   194 | D:1      | Gained mutation: You have large cloven feet. [demonic
                  | ancestry]
   194 | D:1      | Reached XP level 2. HP: 13/24 MP: 2/2
   814 | D:1      | Reached XP level 3. HP: 27/29 MP: 3/3
  1175 | D:2      | Noticed Jessica
  1178 | D:2      | Noticed Terence
  1187 | D:2      | Killed Jessica
  1187 | D:2      | Gained mutation: You have a pair of small antennae on your
                  | head. [demonic ancestry]
  1187 | D:2      | Reached XP level 4. HP: 15/35 MP: 4/4
  1188 | D:2      | Killed Terence
  1201 | D:2      | Quit the game

Skill      XL: |  1  2  3 |
---------------+----------+-----
Axes           | 2 3 |  3.2
Armour         | 3 |  3.1
Shields        | 3 |  3.1
Fighting       | |  3.5
Dodging        | |  0.2

Action                   |  1- 3 |  4- 6 || total
-------------------------+-------+-------++-------
Melee: War axe           |    86 |     1 ||    87
       Kick              |    12 |       ||    12
  Use: Potion            |     1 |       ||     1
  Eat: Chunk             |     1 |       ||     1
Armor: Scale mail        |    70 |       ||    70
Dodge: Dodged            |    30 |       ||    30
Block: Shield            |    44 |     1 ||    45
